 Dungeon Crawl Stone Soup version 0.23.0-3-gf3c87f2df8 (webtiles) character file.

Game seed: 1444590480793618680

4278 Flugkiller the Cleaver (level 10, -2/92 HPs)
             Began as a Deep Dwarf Fighter on Feb 21, 2019.
             Was an Initiate of Makhleb.
             Slain by a two-headed ogre
             ... wielding a +0 giant spiked club
              (14 damage)
             ... on level 8 of the Dungeon.
             The game lasted 00:13:14 (3245 turns).

Flugkiller the Cleaver (Deep Dwarf Fighter)         Turns: 3245, Time: 00:13:14

Health: -2/92      AC:  9    Str: 24    XL:     10   Next: 10%
Magic:  11/11 (2)  EV:  8    Int: 11    God:    Makhleb [......]
Gold:   48         SH: 11    Dex: 12    Spells: 9/9 levels left

rFire    . . .     SeeInvis .   v - +0 war axe (flame)
rCold    . . .     Gourm    .   c - +0 shield
rNeg     . . .     Faith    .   b - +0 scale mail
rPois    +         Spirit   .   (no helmet)
rElec    .         Reflect  .   (no cloak)
rCorr    .         Harm     .   s - +0 pair of gloves
MR       +....                  (no boots)
Stlth    ..........             (no amulet)
HPRegen  0.00/turn              G - ring of the Foremost Runes {rPois MP+9 Int+3 Stlth-}
MPRegen  0.12/turn              (no ring)

@: non-regenerating
A: damage resistance, heal wounds, sense surroundings 2, no regeneration
a: Heal Wounds, Renounce Religion


You were on level 8 of the Dungeon.
You worshipped Makhleb.
Makhleb was noncommittal.
You were not hungry.

You visited 2 branches of the dungeon, and saw 9 of its levels.
You also visited: Sewer.

You collected 272 gold pieces.
You spent 224 gold pieces at shops.

Inventory:

Hand Weapons
 a - a +0 war axe
 v - a +0 war axe of flaming (weapon)
   (You took it off an orc priest on level 5 of the Dungeon)
Missiles
 B - 2 throwing nets (quivered)
Armour
 b - a +0 scale mail (worn)
 c - a +0 shield (worn)
 s - a +0 pair of gloves (worn)
   (You found it on level 4 of the Dungeon)
Jewellery
 i - an uncursed ring of resist corrosion {unknown}
   (You found it on level 1 of the Dungeon)
 n - a cursed ring of attention {unknown}
   (You found it on level 8 of the Dungeon)
 G - the ring of the Foremost Runes (left hand) {rPois MP+9 Int+3 Stlth-}
   (You bought it in a shop on level 8 of the Dungeon)

   [ring of attention]

   It affects your intelligence (+3).
   It protects you from poison.
   It affects your magic capacity (+9).
   It makes you less stealthy.
Wands
 h - a wand of paralysis (10)
   (You found it in a sewer)
 x - a wand of clouds (5)
   (You took it off Ijyb on level 4 of the Dungeon)
 y - a wand of disintegration (7)
   (You found it on level 4 of the Dungeon)
 F - a wand of scattershot (8)
   (You found it on level 8 of the Dungeon)
Scrolls
 g - a scroll of magic mapping
 l - a scroll of remove curse
 m - 3 scrolls of teleportation
 p - a scroll of blinking
 t - a scroll of fear {unknown}
 u - 3 scrolls of enchant armour {unknown}
 A - a scroll of immolation
 C - a scroll of fog {unknown}
Potions
 d - 2 potions of might
 e - 2 potions of resistance
 k - 2 potions of brilliance
 o - 3 potions of curing
 q - 4 potions of agility
 r - a potion of degeneration {unknown}
 z - a potion of lignification {unknown}
 D - a potion of berserk rage {unknown}
 E - a potion of invisibility
Comestibles
 f - 6 rations
 j - 6 chunks of flesh


   Skills:
 + Level 6.6 Fighting
 * Level 10.3 Axes
 + Level 7.9 Armour
 + Level 7.9 Shields
 + Level 1.6 Invocations


You had 9 spell levels left.
You didn't know any spells.
Your spell library was empty.

Dungeon Overview and Level Annotations

Branches:
Dungeon (8/15)             Temple (1/1) D:7
   Lair: D:8-11

Altars:
Ashenzari
Cheibriados
Dithmenos
Elyvilon
Fedhas
Gozag
Makhleb
Nemelex Xobeh
Okawaru
Qazlal
Ru
Sif Muna
Trog
Uskayaw
Vehumet
Wu Jian
Xom
Yredelemnul
The Shining One
Beogh

Shops:
D:8 *

Annotations:
D:7 1 runed translucent door, mys's ghost, novice CeWr


Innate Abilities, Weirdness & Mutations

You are resistant to damage.
You can heal yourself by infusing magical energy.
You passively map the area around you.
You do not regenerate.


Message History

Makhleb accepts your kill.
You see here a scorpion corpse.
There is an escape hatch in the ceiling here.
Found a potion of might.
d - 2 potions of might (gained 1)
Found 13 stones.
You see here 13 stones.
You are no longer poisoned.
A two-headed ogre comes into view.
It is wielding a +0 giant spiked club and a +0 giant club.
The two-headed ogre shouts in stereo!
The two-headed ogre hits you with a +0 giant spiked club!
* * * LOW HITPOINT WARNING * * *
The two-headed ogre hits you with a +0 giant club.
Your magical essence is drained by the effort!
You feel much better. The two-headed ogre barely misses you.
The two-headed ogre hits you with a +0 giant club!
* * * LOW HITPOINT WARNING * * *
You feel much better.
You hit the two-headed ogre. You burn the two-headed ogre.
The two-headed ogre is lightly wounded.
The two-headed ogre hits you with a +0 giant spiked club!
The two-headed ogre barely misses you.
You hit the two-headed ogre. You burn the two-headed ogre.
The two-headed ogre is moderately wounded.
The two-headed ogre hits you with a +0 giant spiked club!
* * * LOW HITPOINT WARNING * * *
The two-headed ogre barely misses you.
You slice the two-headed ogre!! You burn the two-headed ogre.
The two-headed ogre is heavily wounded.
You hit the two-headed ogre but do no damage.
The two-headed ogre is heavily wounded.
The two-headed ogre completely misses you.
The two-headed ogre hits you with a +0 giant club!
* * * LOW HITPOINT WARNING * * *
You hit the two-headed ogre but do no damage.
The two-headed ogre is heavily wounded.
The two-headed ogre hits you with a +0 giant spiked club!
* * * LOW HITPOINT WARNING * * *
You block the two-headed ogre's attack.
Your magical essence is drained by the effort!
You feel much better. You block the two-headed ogre's attack.
The two-headed ogre closely misses you.
You hit the two-headed ogre. You burn the two-headed ogre.
The two-headed ogre is heavily wounded.
You hit the two-headed ogre but do no damage.
The two-headed ogre is heavily wounded.
The two-headed ogre hits you with a +0 giant spiked club!!
* * * LOW HITPOINT WARNING * * *
The two-headed ogre hits you with a +0 giant club!
You die...

* *
#.##.###.##...##..
#.# #.##.#
#.......... #.#
#.##.# #..######.#
#.###....###..#*
#.#
#.........##...
,,..#
#.###..##.###.##
*#### #######.#
#(.# .#*,..
#.......# #..# .#
* ** #.###@#.#..
,* , #...O###... *
, #####.# ##.# *#
* *#.# *.#* ..#
######.# #.# . #.#
#<.....# #.# * #.#
#.###### #.#
#####.### ..# #.#
#.......### ..#
#.### #.# #......


You could see a two-headed ogre.

Vanquished Creatures
  Harold (D:7)
  Pikel (D:7)
  Sigmund (D:6)
  3 humans (D:7)
  A water moccasin (D:7)
  Purgy (Sewer)
  An ice beast (D:7)
  2 sky beasts
  A phantom (D:6)
  4 ogres
  5 centaurs
  Blork the orc (D:5)
  6 bullfrogs
  A scorpion (D:8)
  2 howler monkeys
  A crimson imp (D:8)
  A bullfrog zombie (D:8)
  6 orc priests
  3 hounds
  A gnoll shaman (D:5)
  2 centaur skeletons (D:6)
  5 iguanas
  Ijyb (D:4)
  4 orc wizards
  4 worker ants
  A worker ant zombie (D:6)
  3 gnolls (D:5)
  3 adders
  A shadow imp (D:3)
  3 adder skeletons
  2 adder zombies
  2 worms
  A dart slug (D:4)
  15 leopard geckos
  18 orcs
  5 ball pythons
  8 giant cockroaches
  3 goblins
  6 hobgoblins (D:1)
  8 jackals (D:3)
  A quokka (D:5)
  2 bats (D:1)
  3 frilled lizards
  8 kobolds
  A leopard gecko skeleton (D:4)
  3 rats
156 creatures vanquished.

Vanquished Creatures (others)
  A slave (D:7)
  A scorpion (D:7)
  An orc priest (D:7)
  2 withered plants (D:7)
5 creatures vanquished.

Grand Total: 161 creatures vanquished

Notes
Turn   | Place    | Note
-------+----------+-------------------------------------------
     0 | D:1      | Flugkiller the Deep Dwarf Fighter began the quest for the
                  | Orb.
     0 | D:1      | Reached XP level 1. HP: 20/20 MP: 1/1
   118 | D:1      | Reached XP level 2. HP: 22/27 MP: 2/2
   297 | D:3      | Reached skill level 3 in Axes
   297 | D:3      | Reached XP level 3. HP: 22/34 MP: 3/3
   332 | D:3      | Found a blossoming altar of Fedhas.
   448 | D:3      | Reached XP level 4. HP: 39/42 MP: 3/3
   611 | D:3      | Found a glowing drain.
   623 | Sewer    | Entered a sewer
   717 | Sewer    | Noticed Purgy
   728 | Sewer    | Killed Purgy
   728 | Sewer    | Reached skill level 4 in Axes
   728 | Sewer    | Reached XP level 5. HP: 33/49 MP: 4/4
   933 | D:4      | Found a stormy altar of Qazlal.
   942 | D:4      | Found an opulent altar of Gozag.
   969 | D:4      | Noticed an ogre
   979 | D:4      | Killed an ogre
   979 | D:4      | Reached XP level 6. HP: 57/57 MP: 4/4
   988 | D:5      | Entered Level 5 of the Dungeon
  1079 | D:5      | Noticed Blork the orc
  1091 | D:5      | Killed Blork the orc
  1091 | D:5      | Reached skill level 5 in Axes
  1183 | D:5      | Noticed a sky beast
  1211 | D:5      | Killed a sky beast
  1271 | D:4      | Reached XP level 7. HP: 64/64 MP: 5/5
  1284 | D:4      | Reached skill level 5 in Armour
  1284 | D:4      | Reached skill level 5 in Shields
  1431 | D:4      | Noticed Ijyb
  1442 | D:4      | Reached skill level 6 in Axes
  1454 | D:4      | Killed Ijyb
  1940 | D:6      | Reached XP level 8. HP: 41/73 MP: 3/3
  1977 | D:6      | Reached skill level 7 in Axes
  2019 | D:6      | Noticed Sigmund
  2026 | D:6      | Killed Sigmund
  2026 | D:6      | Reached skill level 5 in Fighting
  2197 | D:6      | Reached skill level 8 in Axes
  2272 | D:7      | Noticed Pikel
  2273 | D:7      | Noticed Harold
  2280 | D:7      | Killed Pikel
  2280 | D:7      | Gained mutation: You passively map the area around you.
                  | [Deep Dwarf growth]
  2280 | D:7      | Reached XP level 9. HP: 77/81 MP: 3/3
  2290 | D:7      | Killed Harold
  2290 | D:7      | Reached skill level 9 in Axes
  2309 | D:7      | Found a runed translucent door.
  2309 | D:7      | Noticed mys's ghost (novice CeWr)
  2504 | D:7      | Reached skill level 10 in Axes
  2606 | D:7      | Found a staircase to the Ecumenical Temple.
  2613 | Temple   | Entered the Ecumenical Temple
  2757 | Temple   | Became a worshipper of Makhleb the Destroyer
  2834 | D:8      | Found Bohoh's Assorted Antiques.
  2837 | D:8      | Bought an ancient copper ring for 160 gold pieces
  2837 | D:8      | Identified the ring of the Foremost Runes {rPois MP+9 Int+3
                  | Stlth-} (You bought it in a shop on level 8 of the Dungeon)
  2971 | D:8      | Bought a scroll of identify for 64 gold pieces
  3052 | D:8      | Found a deep blue altar of Sif Muna.
  3103 | D:8      | Found a roughly hewn altar of Beogh.
  3115 | D:8      | Reached skill level 1 in Invocations
  3115 | D:8      | Reached XP level 10. HP: 57/92 MP: 3/3
  3230 | D:8      | Noticed a two-headed ogre
  3245 | D:8      | Slain by a two-headed ogre

Skill      XL: |  1  2  3  4  5  6  7  8  9 |
---------------+----------------------------+-----
Fighting       | 3 4 5 6 |  6.6
Axes           | 3 4 5 6 8 10 | 10.3
Armour         | 4 5 6 7 |  7.9
Shields        | 4 5 6 7 |  7.9
Invocations    | 1 |  1.6

Action                   |  1- 3 |  4- 6 |  7- 9 | 10-12 || total
-------------------------+-------+-------+-------+-------++-------
Melee: War axe           |    97 |   148 |   302 |    49 ||   596
 Abil: Heal Wounds       |     1 |     4 |    13 |     4 ||    22
  Use: Scroll            |       |       |    12 |       ||    12
  Eat: Chunk             |       |     1 |     6 |     2 ||     9
Armor: Scale mail        |    53 |    75 |   122 |     9 ||   259
Dodge: Dodged            |    48 |    48 |    93 |    16 ||   205
Block: Shield            |    70 |    89 |   179 |    24 ||   362
